 Dungeon Crawl Stone Soup version 0.21.1-1-g345015f (webtiles) character file.

111 letownia2 the Poker (level 4, 0/33 HPs)
             Began as a Merfolk Skald on Mar 12, 2018.
             Slain by a worm (10 damage)
             ... on level 3 of the Dungeon.
             The game lasted 00:04:59 (813 turns).

letownia2 the Poker (Merfolk Skald)                  Turns: 813, Time: 00:05:00

Health: 0/33       AC:  5    Str: 11    XL:     4   Next: 92%
Magic:  0/7        EV: 12    Int: 13    God:
Gold:   25         SH:  0    Dex: 13    Spells: 4/7 levels left

rFire    . . .     SeeInvis +   a - +0 spear
rCold    . . .     Gourm    .   (no shield)
rNeg     . . .     Faith    .   b - +0 leather armour
rPois    .         Spirit   .   (no helmet)
rElec    .         Reflect  .   (no cloak)
rCorr    .         Harm     .   (no gloves)
MR       .....                  (no boots)
Stlth    +.........             (no amulet)
HPRegen  0.11/turn              l - ring of see invisible
MPRegen  0.10/turn              q - +2 ring of protection

@: shrouded
A: change form in water, swift swim, stealthy swim
a: no special abilities


You were on level 3 of the Dungeon.
You were very hungry.

You visited 1 branch of the dungeon, and saw 4 of its levels.

You collected 25 gold pieces.

Inventory:

Hand Weapons
 a - a +0 spear (weapon)
 k - a +0 trident
Armour
 b - a +0 leather armour (worn)
 i - a +0 ring mail
Jewellery
 l - a ring of see invisible (left hand)
 q - a +2 ring of protection (right hand)
Scrolls
 e - 2 scrolls of teleportation {unknown}
 h - 5 scrolls of identify {unknown}
 n - a scroll of remove curse {unknown}
 p - 3 scrolls of blinking {unknown}
Potions
 f - 3 potions of brilliance {unknown}
 g - a potion of flight {unknown}
 j - a potion of lignification {unknown}
 m - a potion of haste {unknown}
 o - a potion of curing {unknown}
 r - a potion of might {unknown}
Books
 c - a book of Battle

   Spells                             Type                      Level
   a - Infusion                       Charms                       1
   b - Shroud of Golubria             Charms/Translocation         2
   c - Song of Slaying                Charms                       2
   d - Spectral Weapon                Hexes/Charms                 3
   e - Regeneration                   Charms/Necromancy            3
Comestibles
 d - 2 rations


   Skills:
 - Level 2.1 Fighting
 + Level 5.9 Polearms
 - Level 0.6 Armour
 - Level 2.6 Dodging
 - Level 2.0 Spellcasting
 - Level 3.2 Charms
 - Level 2.0 Translocations


You had 4 spell levels left.
You knew the following spells:

 Your Spells              Type           Power        Failure   Level  Hunger
a - Infusion              Chrm           #...         9%          1    ##.....
t - Shroud of Golubria    Chrm/Tloc      #.........   17%         2    ###....


Dungeon Overview and Level Annotations

Branches:
Dungeon (4/15)
 Temple: D:4-7

Altars:
Fedhas
Gozag
Uskayaw

Annotations:
D:3 bmj180's ghost, amateur HaFi


Message History

Aim: a worm (heavily wounded)
You reach to attack!
You hit the worm.
The worm is heavily wounded.
Attack whom?
Press: ? - help, Dir - move target cursor, f/p - worm
Aim: a worm (heavily wounded)
You reach to attack!
You hit the worm.
The worm is severely wounded.
Attack whom?
Press: ? - help, Dir - move target cursor, f/p - worm
Aim: a worm (severely wounded)
You hit the worm.
The worm is almost dead.
Attack whom?
Press: ? - help, Dir - move target cursor, f/p - worm
Aim: a worm (almost dead)
You hit the worm.
The worm is almost dead.
The worm bites you!
You die...

##...# #####...##..o......#
...#.###............wo....#
#..#.##..####..#..###.#####
..<#.##.## #...#.###.#
.#.#....# #.........#
.#....### #.........#
.##...# ##........# .....##
#..#####.# #....# #..@##
#o# #.#..### #.#w># #.#
......... .. ##.# #ยง##
....##### ## #.# #..# ###.#
#.####.# ## .# #..# #.# .#
.# ##.###.# .# # #(.)..# .#
#####.#


You could see a worm.

Vanquished Creatures
  An orc wizard (D:3)
  A hound zombie (D:3)
  2 adders (D:3)
  A dart slug (D:2)
  2 leopard geckos (D:2)
  4 orcs
  2 goblins (D:3)
  6 hobgoblins
  6 jackals
  4 bats (D:3)
  2 frilled lizards (D:2)
  4 kobolds
  5 rats
40 creatures vanquished.

Notes
Turn   | Place    | Note
-------+----------+-------------------------------------------
     0 | D:1      | letownia2 the Merfolk Skald began the quest for the Orb.
     0 | D:1      | Reached XP level 1. HP: 16/16 MP: 3/3
   147 | D:2      | Reached skill level 4 in Polearms
   147 | D:2      | Reached XP level 2. HP: 16/22 MP: 1/5
   154 | D:2      | Learned a level 2 spell: Shroud of Golubria
   211 | D:3      | Noticed bmj180's ghost (amateur HaFi)
   333 | D:2      | Reached skill level 5 in Polearms
   333 | D:2      | Reached XP level 3. HP: 13/27 MP: 1/6
   342 | D:2      | Found an opulent altar of Gozag.
   433 | D:3      | Reached skill level 1 in Translocations
   647 | D:3      | Found a hide-covered altar of Uskayaw.
   654 | D:3      | Found a blossoming altar of Fedhas.
   705 | D:3      | Reached XP level 4. HP: 32/33 MP: 0/7
   813 | D:3      | Slain by a worm

Skill      XL: |  1  2  3  4 |
---------------+-------------+-----
Polearms       | 4 5 |  5.9
Translocations | 1 2 |  2.0
Fighting       | |  2.1
Armour         | |  0.6
Dodging        | |  2.6
Spellcasting   | |  2.0
Charms         | |  3.2

Action                   |  1- 3 |  4- 6 || total
-------------------------+-------+-------++-------
Melee: Spear             |   131 |    65 ||   196
 Cast: Infusion          |    10 |       ||    10
       Shroud of Golubri |     8 |     4 ||    12
 Stab: Sleeping          |     2 |       ||     2
Armor: Leather armour    |    31 |    17 ||    48
Dodge: Dodged            |   100 |    32 ||   132
